Map: Crystal Pools

Players

PracticeX

  • Race: Terran Terran
  • League: Grandmaster
  • Spawn Location: 1:00

KingKong - Winner!

  • Race: Protoss Protoss
  • Spawn Location: 7:00

llllllllllll - Winner!

  • Race: Terran Terran
  • Spawn Location: 9:00

Ohm

  • Race: Terran Terran
  • Spawn Location: 3:00

VOD

Have the link to the VOD?

Description

Time

  • Played on: April 2, 2017, 2:05 a.m.
  • Length: 10:29
Show
View Real Time Build Order
Export as new Build Order

PracticeX Terran 

Build Orders: Cyclone Opening 

Get SALT Encoding   

  12  0:00  SCV  
  13  0:13  SCV  
  14  0:22  Supply Depot  
  14  0:25  SCV  
  15  0:31  Refinery  
  15  0:44  SCV  
  15  0:49  Barracks  
  16  0:56  SCV  
  17  1:00  Refinery  
  17  1:08  SCV  
  18  1:20  SCV  
  19  1:37  Factory  
  19  1:39  Barracks Reactor  
  19  1:45  Orbital Command  
  19  1:55  Supply Depot  
  20  2:15  SCV  
  19  2:23  Barracks Reactor  
  19  2:28  Cyclone  
  22  2:33  Cyclone  
  22  2:35  SCV  
  26  2:43  Supply Depot  
  26  2:48  SCV  
  27  3:05  Cyclone  
  30  3:07  Cyclone  
  30  3:09  Marine  
  34  3:13  Marine  
  35  3:25  Starport  
  35  3:32  Engineering Bay  
  35  3:36  Marine  
  36  3:44  Cyclone  
  36  3:47  Marine  
  37  3:56  Marine  
  37  4:05  Marine  
  37  4:06  Missile Turret  
  38  4:14  Marine  
  35  4:18  Cyclone  
  35  4:23  Marine  
  36  4:32  Marine, Viking  
  36  4:41  Marine  
  37  4:57  Missile Turret  
  37  4:59  Cyclone  
  39  5:01  Supply Depot  
  35  5:07  Viking  
  37  5:15  Marine x2  
  39  5:26  Cyclone  
  41  5:33  Marine  
  41  5:34  SCV  
  43  5:35  Marine  
  44  5:45  Viking  
  46  5:51  Marine  
  47  5:57  Marine  
  43  6:17  SCV, Command Center  
  43  6:30  SCV  
  44  6:42  SCV  
  45  6:50  Supply Depot  
  45  6:53  Supply Depot  
  45  6:54  SCV  
  46  7:05  Barracks x2  
  46  7:07  SCV  
  47  7:19  SCV  
  48  7:31  SCV  
  49  7:37  Orbital Command  
  49  7:43  SCV  
  50  7:50  Barracks Tech Lab  
  50  7:52  Terran Infantry Weapons Level 1  
  50  7:54  Barracks Tech Lab  
  50  7:55  Barracks Reactor, SCV  
  50  7:56  Factory Reactor  
  51  8:01  Starport Reactor  
  51  8:09  Marine, Orbital Command  
  51  8:11  SCV  
  53  8:14  Missile Turret  
  53  8:21  Marine  
  53  8:23  SCV  
  53  8:27  Marine  
  56  8:35  SCV x2  
  56  8:39  Marine  
  59  8:47  SCV, Barracks Tech Lab  
  60  8:50  Medivac x2  
  60  8:54  SCV  
  65  8:56  Marine  
  65  8:57  Marine, Supply Depot  
  65  9:01  Marine  
  68  9:06  Combat Shields  
  68  9:08  Factory Tech Lab  
  68  9:10  Supply Depot  
  68  9:11  Marine  
  68  9:14  Marine  
  70  9:17  Refinery  
  70  9:18  Refinery  
  70  9:24  SCV  
  70  9:27  Siege Tank  
  70  9:30  Marine x3  
  76  9:44  Barracks  
  76  9:45  SCV  
  76  9:46  Barracks  
  76  9:49  Marine  
  76  9:51  SCV  
  78  9:58  Marine  
  82  10:03  Marine x2  
Show
View Real Time Build Order
Export as new Build Order

KingKong Protoss - Winner!

Build Orders: Oracle Opening 

Get SALT Encoding   

  12  0:01  Probe (Chrono Boost)  
  13  0:11  Probe (Chrono Boost)  
  14  0:18  Pylon  
  14  0:23  Probe (Chrono Boost)  
  15  0:36  Probe (Chrono Boost)  
  15  0:38  Gateway  
  16  0:45  Assimilator  
  16  0:48  Probe (Chrono Boost)  
  17  0:54  Assimilator  
  17  0:58  Probe (Chrono Boost)  
  18  1:09  Probe (Chrono Boost)  
  19  1:19  Probe (Chrono Boost)  
  19  1:25  Cybernetics Core  
  20  1:30  Probe (Chrono Boost)  
  21  1:40  Probe (Chrono Boost)  
  21  1:41  Pylon  
  22  1:52  Probe (Chrono Boost)  
  23  1:58  Adept  
  23  2:02  Stargate  
  23  2:04  Probe (Chrono Boost)  
  26  2:12  Warp Gate  
  27  2:15  Probe (Chrono Boost)  
  27  2:17  Pylon  
  27  2:26  Probe (Chrono Boost)  
  28  2:36  Probe (Chrono Boost)  
  29  2:41  Oracle  
  29  2:49  Probe (Chrono Boost)  
  33  2:56  Pylon  
  33  3:01  Probe (Chrono Boost)  
  34  3:12  Oracle  
  35  3:13  Probe (Chrono Boost)  
  38  3:23  Pylon  
  38  3:25  Adept  
  38  3:26  Probe (Chrono Boost)  
  33  3:37  Gateway  
  33  3:38  Gateway  
  32  3:43  Oracle  
  32  4:01  Probe (Chrono Boost)  
  21  4:21  Probe (Chrono Boost)  
  15  4:33  Probe (Chrono Boost)  
  16  4:44  Probe (Chrono Boost)  
  17  4:55  Probe (Chrono Boost)  
  18  5:11  Probe (Chrono Boost)  
  19  5:22  Probe (Chrono Boost)  
  19  5:24  Oracle  
  24  5:36  Probe (Chrono Boost)  
  24  5:46  Probe (Chrono Boost)  
  25  5:57  Probe (Chrono Boost)  
  26  6:07  Probe (Chrono Boost)  
  27  6:18  Probe (Chrono Boost)  
  31  6:28  Probe (Chrono Boost)  
  32  6:39  Probe (Chrono Boost)  
  30  6:49  Probe (Chrono Boost)  
  30  6:51  Nexus  
  31  7:00  Sentry, Probe (Chrono Boost)  
  34  7:07  Sentry  
  36  7:10  Probe (Chrono Boost)  
  37  7:21  Probe (Chrono Boost)  
  38  7:31  Probe (Chrono Boost)  
  39  7:41  Twilight Council  
  39  7:42  Probe (Chrono Boost)  
  40  7:53  Probe (Chrono Boost)  
  40  7:56  Stalker x2  
  45  8:03  Probe (Chrono Boost)  
  45  8:04  Blink  
  46  8:06  Probe (Chrono Boost)  
  47  8:14  Probe (Chrono Boost)  
  47  8:17  Probe (Chrono Boost)  
  49  8:26  Probe (Chrono Boost)  
  50  8:27  Probe (Chrono Boost)  
  51  8:38  Probe x2 (Chrono Boost)  
  51  8:39  Stalker  
  55  8:48  Pylon  
  55  8:49  Probe (Chrono Boost)  
  55  8:50  Probe (Chrono Boost)  
  55  8:55  Stalker  
  59  8:59  Probe (Chrono Boost)  
  61  9:03  Probe (Chrono Boost)  
  61  9:06  Robotics Facility  
  62  9:10  Probe (Chrono Boost)  
  62  9:15  Probe (Chrono Boost), Stalker  
  65  9:21  Probe (Chrono Boost), Assimilator  
  65  9:24  Assimilator  
  66  9:30  Stalker x2  
  70  10:06  Robotics Bay, Pylon  
  70  10:09  Pylon  
  68  10:27  Stalker x3  
Show
View Real Time Build Order
Export as new Build Order

llllllllllll Terran - Winner!

Build Orders: Cyclone Opening, MMM Bio 

Get SALT Encoding   

  12  0:01  SCV  
  13  0:13  SCV  
  14  0:18  Supply Depot  
  14  0:25  SCV  
  15  0:31  Refinery  
  15  0:39  SCV  
  16  0:44  Barracks  
  16  0:51  SCV  
  17  1:03  SCV  
  18  1:15  SCV  
  19  1:31  Orbital Command  
  20  1:32  Reaper  
  20  1:47  Command Center  
  20  1:53  Factory  
  20  1:57  SCV  
  21  2:04  Marine  
  21  2:05  Refinery  
  22  2:10  Supply Depot  
  22  2:15  SCV  
  23  2:24  Barracks Reactor  
  23  2:31  SCV  
  24  2:38  Cyclone  
  24  2:43  SCV  
  28  2:58  Starport  
  28  3:01  Marine x2  
  28  3:03  SCV  
  28  3:04  Orbital Command  
  31  3:17  Cyclone  
  34  3:21  SCV  
  34  3:22  Marine x2  
  37  3:33  SCV  
  38  3:40  Marine x2  
  33  3:50  SCV  
  33  3:55  Cyclone  
  37  3:57  Viking  
  37  3:58  Marine  
  37  3:59  SCV  
  37  4:02  SCV  
  42  4:09  Marine  
  41  4:11  SCV  
  41  4:16  Marine  
  38  4:27  Cyclone  
  38  4:29  Viking  
  38  4:36  Marine x2  
  35  4:41  SCV x2  
  37  4:55  Marine x2  
  37  4:59  Cyclone  
  40  5:03  SCV x2  
  40  5:08  Viking  
  40  5:12  Marine x2  
  44  5:15  SCV  
  45  5:23  SCV  
  46  5:31  Supply Depot  
  46  5:32  Supply Depot  
  46  5:34  Factory Tech Lab  
  46  5:47  Barracks  
  46  5:51  Barracks  
  46  5:53  SCV x2  
  46  5:54  Barracks Tech Lab  
  47  6:03  Siege Tank  
  49  6:05  SCV x2, Medivac  
  53  6:12  Supply Depot  
  53  6:15  Refinery  
  53  6:16  Marine  
  53  6:17  SCV x2  
  56  6:23  Stimpack  
  56  6:29  SCV x2, Supply Depot  
  58  6:37  Marine x2  
  58  6:38  Starport Reactor, Marine x2  
  62  6:41  Bunker, SCV x2  
  62  6:44  Supply Depot  
  64  6:54  SCV x2  
  66  6:57  Marine x3  
  66  6:58  Barracks Reactor  
  69  7:06  SCV  
  69  7:07  Engineering Bay  
  69  7:08  Refinery  
  70  7:15  Marine, Supply Depot  
  71  7:19  SCV x2  
  71  7:22  Marine x2  
  75  7:23  Siege Tank  
  75  7:25  Medivac  
  80  7:31  SCV x2  
  80  7:32  Marine  
  80  7:33  Supply Depot  
  83  7:37  Marine x2  
  83  7:43  SCV x2  
  83  7:44  Marine x2  
  88  7:50  Marine  
  90  7:53  Terran Infantry Weapons Level 1  
  90  7:54  Supply Depot  
  90  7:55  SCV x2  
  92  8:04  Sensor Tower  
  92  8:06  Marine x4  
  92  8:08  Supply Depot  
  96  8:13  Siege Tank  
  96  8:18  Medivac x2  
  103  8:23  Combat Shields  
  103  8:29  Marine  
  103  8:30  Marine x3  
  107  8:37  Barracks  
  107  8:38  Barracks  
  107  8:51  Marine x2  
  109  9:02  Siege Tank, Marine x2  
  114  9:03  Medivac x2, Command Center  
  114  9:07  Supply Depot  
  114  9:08  Supply Depot  
  114  9:09  Supply Depot  
  118  9:12  Supply Depot  
  118  9:27  Barracks Reactor x2  
  118  9:28  Marine x4  
  118  9:31  Factory  
  122  9:34  Marine  
  123  9:44  Armory, Engineering Bay  
  123  9:46  Marine x4  
  123  9:52  Siege Tank, Marine  
  131  10:04  Marine x4  
  118  10:22  Factory Tech Lab  
Show
View Real Time Build Order
Export as new Build Order

Ohm Terran 

Build Orders: MMM Bio 

Get SALT Encoding   

  12  0:01  SCV  
  13  0:13  SCV  
  14  0:20  Supply Depot  
  14  0:25  SCV  
  14  0:28  Refinery  
  15  0:42  SCV  
  16  0:45  Barracks  
  16  0:54  SCV  
  17  1:03  Barracks  
  17  1:09  SCV  
  18  1:21  SCV  
  19  1:32  Reaper  
  20  1:33  Orbital Command  
  20  1:42  Barracks  
  20  1:52  Supply Depot  
  20  1:53  Reaper  
  21  1:59  Refinery  
  21  2:04  SCV  
  21  2:07  Reaper  
  23  2:16  SCV  
  24  2:25  Reaper  
  24  2:28  SCV  
  24  2:29  Supply Depot, Reaper  
  27  2:39  Reaper  
  27  2:44  SCV  
  29  2:57  Reaper  
  29  2:59  Engineering Bay  
  29  3:02  Reaper  
  30  3:11  Reaper  
  30  3:21  Command Center  
  26  3:29  Reaper  
  26  3:30  SCV  
  26  3:34  Reaper  
  21  3:49  SCV  
  18  4:03  SCV  
  14  4:57  SCV  
  45  5:14  Orbital Command  
  10  5:15  SCV  
  10  5:20  Marine x2  
  13  5:21  Barracks Tech Lab  
  13  5:28  SCV  
  14  5:37  Marine  
  14  5:38  Marine  
  14  5:41  SCV x2  
  14  5:42  Marine  
  19  5:53  SCV x2  
  19  5:55  Marine x2  
  23  6:00  Marine  
  23  6:02  Stimpack  
  24  6:08  SCV x2  
  26  6:14  Marine x2  
  26  6:18  Marine  
  28  6:20  SCV  
  28  6:22  SCV  
  31  6:33  SCV  
  31  6:34  Marine x2  
  31  6:37  Orbital Command  
  34  6:40  Marine  
  34  6:45  Factory, SCV  
  36  6:53  Marine x2  
  38  6:57  SCV  
  39  7:04  SCV  
  39  7:07  Marine  
  41  7:09  SCV  
  41  7:12  Marine x2  
  41  7:14  Supply Depot  
  44  7:16  SCV  
  44  7:19  Missile Turret  
  45  7:26  Marine  
  45  7:27  SCV  
  45  7:33  Missile Turret  
  45  7:39  Starport  
  44  7:50  Factory Reactor  
  42  8:04  SCV  
  43  8:09  Missile Turret  
  43  8:23  Supply Depot  
  40  8:33  Marine x3  
  40  8:35  SCV x2  
  42  8:47  SCV  
  42  8:48  SCV  
  43  8:49  Combat Shields  
  43  8:51  Marine  
  44  8:56  Marine x2  
  44  8:59  SCV  
  44  9:01  SCV  
  48  9:06  Medivac x2  
  52  9:12  SCV  
  52  9:15  Supply Depot  
  53  9:17  Supply Depot  
  53  9:21  SCV  
  54  9:27  Barracks Reactor x2  
  54  9:37  SCV x2, Marine  
  57  9:41  Medivac x2  
  61  9:49  SCV x2, Supply Depot  
  63  9:57  Marine  
  64  10:01  SCV x2  
  64  10:06  Marine x3  
  64  10:07  Marine  
  69  10:12  Supply Depot  
  69  10:13  SCV x2  
Tags
 
Add a new tag
Caveats
  • Supply blocks, unpowered buildings, or Contaminate may cause inaccurate times.
  • Supply counts are checked every 10 seconds.